 Yiufcrawl Soup (a DCSS fork) version yiuf-1.4.6-25-gadd3906 (webtiles) character file.

7836 AlphabetPasta the Arsonist (level 11, -3/47 HPs)
             Began as an Imp Fire Elementalist on Mar 16, 2017.
             Was an Initiate of Vehumet.
             Killed by divine providence
             ... invoked by an orc priest
              (11 damage)
             ... on level 10 of the Dungeon on Mar 17, 2017.
             The game lasted 00:52:13 (10881 turns).

AlphabetPasta the Arsonist (Imp Fire Elementalist) Turns: 10881, Time: 00:52:15

Health: -3/47      AC: 12    Str:  7      XL:     11   Next: 21%
Magic:  6/23       EV: 17    Int: 23      God:    Vehumet [......]
Gold:   332        SH:  0    Dex: 13 (14) Spells: 11/26 levels left

rFire    + . .     SeeInvis .   n - +3 quarterstaff
rCold    x . .     Gourm    .   E - +0 steam dragon scales
rNeg     . . .     Faith    .   (shield currently unavailable)
rPois    .         Spirit   .   (helmet restricted)
rElec    .         Reflect  .   x - +2 cloak {Stlth+}
rCorr    .         Harm     .   (gloves unavailable)
MR       +....     Rnd*Tele +   (boots unavailable)
Stlth    +++.......             (no amulet)
Regen    0.6/turn               C - +4 ring of protection
MPRegen  0.2/turn               e - +3 ring of intelligence

@: no status effects
A: cold vulnerability, blinkitis, unfitting armour, horns 1, fire resistance 1,
regeneration 1, screaming 2, teleportitis 2, able to fly 1
a: Fly, Renounce Religion


You were on level 10 of the Dungeon.
You worshipped Vehumet.
Vehumet was noncommittal.
You were hungry.

You visited 2 branches of the dungeon, and saw 11 of its levels.

You collected 572 gold pieces.
You spent 240 gold pieces at shops.

Inventory:

Hand Weapons
 h - a +0 dagger
 j - a +0 falchion
 n - a +3 quarterstaff (weapon)
Missiles
 v - 12 tomahawks (quivered)
Armour
 a - a +0 robe
 f - a +1 cloak
 x - a +2 cloak of stealth (worn)
 y - a +2 cloak
 E - +0 steam dragon scales (worn)
Jewellery
 e - a +3 ring of intelligence (left hand)
 o - an uncursed ring of protection from magic
 B - an uncursed ring of poison resistance
 C - a +4 ring of protection (right hand)
Wands
 l - a wand of paralysis (7/24)
 q - a wand of polymorph (8/24)
Scrolls
 k - 2 scrolls of remove curse
 p - 3 scrolls of teleportation
 w - a scroll of fog
 A - 3 scrolls of magic mapping
 G - a scroll of enchant armour
Potions
 g - 2 potions of haste
 i - 2 potions of brilliance
 r - 3 potions of agility
 s - 2 potions of might
 t - a potion of heal wounds
 u - 2 potions of curing
 z - a potion of cancellation {unknown}
 F - a potion of resistance {unknown}
 I - a potion of ambrosia
Comestibles
 b - 5 bread rations
 c - 12 fruits
 d - 2 meat rations
 m - 5 chunks of flesh
 D - a royal jelly


   Skills:
 - Level 2.6 Dodging
 - Level 2.1 Stealth
 + Level 8.0 Spellcasting
 + Level 9.5 Conjurations
 * Level 14.1 Fire Magic


You had 11 spell levels left.
You knew the following spells:

 Your Spells              Type           Power        Failure   Level  Hunger
a - Flame Tongue          Conj/Fire      40 (40)      1%          1    None
b - Throw Flame           Conj/Fire      50 (50)      1%          2    None
c - Conjure Flame         Conj/Fire      58 (100)     1%          3    None
d - Sticky Flame          Conj/Fire      58 (100)     1%          4    ###....
e - Fireball              Conj/Fire      58 (200)     1%          5    #####..


Dungeon Overview and Level Annotations

Branches:
Dungeon (10/15)            Temple (1/1) D:4            Lair (0/6) D:10
    Orc (0/2) D:9

Altars:
Ashenzari
Cheibriados
Dithmenos
Elyvilon
Fedhas
Gozag
Hepliaklqana
Kikubaaqudgha
Makhleb
Nemelex Xobeh
Okawaru
Qazlal
Ru
Sif Muna
Trog
Uskayaw
Vehumet
Wu Jian
Xom
Yredelemnul
Zin
The Shining One

Shops:
D:7 !   D:8 [


Innate Abilities, Weirdness & Mutations

Your bones are vulnerable to cold.
All sources of teleportitis gives you blinkitis instead.
You are very small and have problems with some larger weapons.
You are too small for most types of armour.
You have a pair of small horns on your head.
Your flesh is heat resistant. (rF+)
Your natural rate of healing is unusually fast.
You sometimes yell uncontrollably at your foes.
You are sometimes teleported next to monsters.
You can fly.


Message History

You kill the orc warrior!
Vehumet accepts your kill. The orc warrior barely misses you.
You closely miss the orc.
The orc warrior hits you from afar with a glaive.
The bullfrog skeleton completely misses you.
The orc hits you but does no damage.
You closely miss the orc. You headbutt the orc.
The orc is severely wounded.
The bullfrog skeleton barely misses you.
The orc warrior completely misses you. The orc closely misses you.
The bullfrog skeleton hits you but does no damage.
You closely miss the orc.
The orc is heavily wounded.
The orc warrior hits you from afar with a glaive!
* * * LOW HITPOINT WARNING * * *
The bullfrog skeleton misses you. The orc misses you.
The orc priest calls down the wrath of Beogh upon you.
Beogh smites you!
You die... #. ............. #. ......>..... #. .[.......P. #. #..PP..... #. ...ooo. #. .ooo

### #.
#Z####.# #.
#@o....# ##
######.#
#.## #.#
#.## ##.##
#.##
##...##
#.##
####.###.##
#.## #....#
#..# #.##
#.##.###..#
###.##
#.###...#.#
#...##


You could see an orc warrior, 2 orc priests, an orc wizard, 3 orcs and a
bullfrog skeleton.

Vanquished Creatures
  A two-headed ogre (D:8)
  The ghost of cbox the Zephyrmancer, a novice TeAE of Vehumet (D:8)
  2 hippogriffs (D:7)
  4 hungry ghosts
  A steam dragon (D:7)
  5 wargs
  Menkaure (D:4)
  Duvessa (D:5)
  A water moccasin (D:6)
  3 sky beasts
  3 black bears
  5 orc warriors
  An ice beast (D:4)
  A phantom (D:7)
  6 ogres
  6 centaurs
  5 bullfrogs
  A gnoll sergeant (D:7)
  Dowan (D:5)
  A scorpion (D:5)
  A water moccasin skeleton (D:8)
  5 crimson imps
  2 centaur zombies
  A bullfrog zombie (D:9)
  A quasit (D:10)
  9 orc priests
  Crazy Yiuf (D:5)
  7 hounds
  2 jellies
  2 centaur skeletons (D:7)
  7 orc wizards
  3 bullfrog skeletons
  2 iguanas
  5 worker ants
  4 hound skeletons
  10 gnolls
  12 adders
  A shadow imp (D:9)
  2 oozes
  An adder skeleton (D:4)
  An adder zombie (D:5)
  3 worms
  2 dart slugs
  5 leopard geckos
  33 orcs
  5 bats
  8 giant cockroaches
  13 goblins
  13 hobgoblins
  9 jackals
  13 kobolds
  11 quokkas
  7 frilled lizards
  A giant cockroach zombie (D:6)
  3 leopard gecko skeletons
  4 rats
259 creatures vanquished.

Notes
Turn   | Place    | Note
-------+----------+-------------------------------------------
     0 | D:1      | AlphabetPasta the Imp Fire Elementalist began the quest for the Orb.
     0 | D:1      | Reached XP level 1. HP: 9/9 MP: 3/3
   193 | D:1      | Reached XP level 2. HP: 11/13 MP: 0/5
   202 | D:1      | Learned a level 2 spell: Throw Flame
   289 | D:1      | Found an iron altar of Okawaru.
   397 | D:1      | Reached skill level 4 in Fire Magic
   560 | D:1      | Reached XP level 3. HP: 13/16 MP: 2/6
   566 | D:1      | Learned a level 3 spell: Conjure Flame
  1087 | D:2      | Found an opulent altar of Gozag.
  1352 | D:2      | Reached XP level 4. HP: 13/21 MP: 0/8
  1857 | D:2      | Reached skill level 5 in Fire Magic
  2001 | D:2      | Reached XP level 5. HP: 24/24 MP: 5/9
  2274 | D:3      | Noticed a sky beast
  2291 | D:2      | Learned a level 4 spell: Sticky Flame
  2759 | D:3      | Found a faded altar of an unknown god.
  2871 | D:3      | Killed a sky beast
  2871 | D:3      | Reached skill level 6 in Fire Magic
  2871 | D:3      | Reached XP level 6. HP: 28/28 MP: 3/11
  3075 | D:4      | Noticed an ice beast
  3080 | D:4      | Killed an ice beast
  3179 | D:4      | Gained mutation: You sometimes yell uncontrollably at your foes. [Imp growth]
  3179 | D:4      | Gained mutation: You can fly. [Imp growth]
  3179 | D:4      | Gained mutation: You are sometimes teleported next to monsters. [Imp growth]
  3179 | D:4      | Reached XP level 7. HP: 26/32 MP: 0/12
  3430 | D:4      | Reached skill level 7 in Fire Magic
  3599 | D:5      | Entered Level 5 of the Dungeon
  3667 | D:5      | Found a sparkling altar of Nemelex Xobeh.
  4082 | D:4      | Found a staircase to the Ecumenical Temple.
  4103 | Temple   | Entered the Ecumenical Temple
  4316 | D:4      | Reached skill level 8 in Fire Magic
  4479 | D:4      | Reached XP level 8. HP: 36/36 MP: 8/14
  4780 | D:4      | Noticed Menkaure
  4782 | D:4      | Killed Menkaure
  4782 | D:4      | Reached skill level 5 in Conjurations
  4964 | D:5      | Reached skill level 9 in Fire Magic
  5041 | D:5      | Noticed Duvessa
  5042 | D:5      | Noticed Dowan
  5057 | D:5      | Killed Duvessa
  5057 | D:5      | Reached skill level 5 in Spellcasting
  5060 | D:5      | Killed Dowan
  5166 | D:5      | Found a sacrificial altar of Ru.
  5429 | D:5      | Found a runed door.
  5433 | D:5      | Noticed Crazy Yiuf
  5443 | D:5      | Killed Crazy Yiuf
  5624 | D:5      | Found a shimmering altar of Xom.
  5633 | D:5      | Reached skill level 10 in Fire Magic
  5633 | D:5      | Reached XP level 9. HP: 39/39 MP: 13/17
  6200 | D:6      | Reached skill level 11 in Fire Magic
  6951 | D:7      | Reached XP level 10. HP: 44/44 MP: 15/19
  6963 | D:7      | Reached skill level 12 in Fire Magic
  6970 | D:7      | Learned a level 5 spell: Fireball
  7799 | D:7      | Found Xaheulu's Distillery.
  7805 | D:7      | Bought a potion of mutation for 120 gold pieces
  7805 | D:7      | Bought a potion of ambrosia for 120 gold pieces
  8606 | D:8      | Found a burning altar of Makhleb.
  8805 | D:8      | Noticed cbox's ghost (novice TeAE)
  8950 | D:8      | Reached skill level 13 in Fire Magic
  8986 | D:8      | Found Orchojao's Armour Emporium.
  9285 | D:8      | Noticed a two-headed ogre
  9294 | D:8      | Killed a two-headed ogre
  9521 | D:8      | Killed cbox's ghost
  9521 | D:8      | Reached XP level 11. HP: 38/47 MP: 3/22
  9692 | D:8      | Found a snail-covered altar of Cheibriados.
  9692 | D:8      | Found a glowing silver altar of Zin.
  9692 | D:8      | Found a bloodstained altar of Trog.
  9692 | D:8      | Found an iron altar of Okawaru.
  9711 | D:8      | Found a stormy altar of Qazlal.
  9715 | D:8      | Found a white marble altar of Elyvilon.
  9907 | D:9      | Found a radiant altar of Vehumet.
  9915 | D:9      | Became a worshipper of Vehumet
 10075 | D:9      | Found a shadowy altar of Dithmenos.
 10484 | D:9      | Reached skill level 14 in Fire Magic
 10488 | D:9      | Found a staircase to the Orcish Mines.
 10673 | D:10     | Entered Level 10 of the Dungeon
 10789 | D:10     | Found a staircase to the Lair.
 10881 | D:10     | Killed from afar by an orc priest

Skill      XL: |  1  2  3  4  5  6  7  8  9 10 11 |
---------------+----------------------------------+-----
Fire Magic     | 4 5 6 8 10 11 13 14 | 14.1
Conjurations   | 2 3 4 6 7 9 |  9.5
Spellcasting   | 3 4 5 6 7 8 |  8.0
Dodging        | |  2.6
Stealth        | |  2.1

Action                   |  1- 3 |  4- 6 |  7- 9 | 10-12 || total
-------------------------+-------+-------+-------+-------++-------
Melee: Unarmed           |    25 |       |       |       ||    25
       Headbutt          |     5 |     4 |     5 |     5 ||    19
       Falchion          |    11 |    12 |       |       ||    23
       Quarterstaff      |       |       |    27 |    35 ||    62
Throw: Tomahawk          |       |       |    11 |       ||    11
 Cast: Flame Tongue      |    60 |    99 |   229 |   170 ||   558
       Throw Flame       |       |     4 |    10 |    23 ||    37
       Sticky Flame      |       |       |    16 |    27 ||    43
       Conjure Flame     |       |       |     2 |       ||     2
  Use: Scroll            |     6 |     2 |     4 |     4 ||    16
       Potion            |       |       |     3 |     3 ||     6
 Stab: Sleeping          |       |       |       |     1 ||     1
  Eat: Chunk             |     2 |     6 |    13 |     5 ||    26
       Royal jelly       |       |       |       |     6 ||     6
Armor: Robe              |     3 |     3 |    17 |       ||    23
       Steam dragon scal |       |       |       |    45 ||    45
Dodge: Dodged            |    37 |    43 |   123 |   115 ||   318
       Rpst.: Falchion   |     6 |     9 |       |       ||    15
